 Dungeon Crawl Stone Soup version 0.31.0-12-g77e489cdc1 (webtiles) character file.

Game seed: 10105203023899096381

2166 Silvore the Basher (level 9, -2/79 HPs)
             Began as a Minotaur Fighter on Feb 22, 2024.
             Was a Follower of Zin.
             Shot with an arrow by a centaur (12 damage)
             ... on level 6 of the Dungeon.
             The game lasted 00:06:50 (5220 turns).

Silvore the Basher (Minotaur Fighter)               Turns: 5220, Time: 00:06:50

Health: -2/79      AC: 11    Str: 25    XL:     9   Next: 10%
Magic:  8/8        EV:  9    Int:  5    God:    Zin [*.....]
Gold:   108        SH:  0    Dex: 10    Spells: 8/8 levels left

rFire   . . .        q - +2 flail (heavy)
rCold   . . .        c - +0 buckler
rNeg    + . .        i - +1 chain mail
rPois   .            (helmet restricted)
rElec   .            m - scarf {repulsion}
rCorr   .            (no gloves)
SInv    .            (no boots)
Will    .....        (no amulet) Stlth
                     B - ring of positive energy
HPRegen 0.33/turn    (no ring)
MPRegen 0.11/turn

%: repel missiles
@: confused, very slow
A: horns 2, retaliatory headbutt
a: Renounce Religion, Recite, Donate Gold


You were on level 6 of the Dungeon.
You worshipped Zin.
Zin was aware of your devotion.
You visited 2 branches of the dungeon, and saw 7 of its levels.

You collected 235 gold pieces.
You donated 127 gold pieces to Zin.

Inventory:

Hand Weapons
 a - a +0 flail
 q - a +2 heavy flail (weapon)
Armour
 b - a +0 scale mail
 c - a +0 buckler (worn)
 i - a +1 chain mail (worn)
 m - a scarf of repulsion (worn)
Magical Staves
 g - a staff of conjuration
 k - a staff of death
Jewellery
 B - a ring of positive energy (left hand)
Wands
 r - a wand of polymorph (15)
 u - a wand of digging (4)
 v - a wand of roots (8)
 y - a wand of paralysis (8)
 D - a wand of acid (2)
Scrolls
 l - 2 scrolls of blinking
 p - a scroll of teleportation
 A - 4 scrolls of identify
 C - a scroll of enchant armour
 E - a scroll of revelation
Potions
 d - 2 potions of might
 e - a potion of invisibility {unknown}
 f - 3 potions of lignification
 h - 2 potions of brilliance
 j - a potion of magic {unknown}
 n - 2 potions of enlightenment {unknown}
 o - 2 potions of mutation {unknown}
 s - a potion of haste {unknown}
 t - 2 potions of curing {unknown}
 w - a potion of degeneration {unknown}
 x - 2 potions of berserk rage {unknown}
 z - a potion of heal wounds {unknown}


   Skills:
 + Level 7.1 Fighting
 + Level 9.0 Maces & Flails
 + Level 7.5 Armour
 + Level 3.7 Dodging
 + Level 0.5 Stealth
 + Level 6.4 Shields
 + Level 0.3 Unarmed Combat
 + Level 1.0 Invocations


You had 8 spell levels left.
You didn't know any spells.
Your spell library contained the following spells:

 Spells                   Type           Power      Damage    Failure   Level
 Kiss of Death            Conj/Necr      0%         2d5       96%         1
 Magic Dart               Conj           0%         1d3       96%         1
 Blink                    Tloc           0%         N/A       99%         2
 Call Imp                 Summ           0%         N/A       99%         2
 Lesser Beckoning         Tloc           0%         N/A       99%         2
 Sublimation of Blood     Necr           0%         N/A       99%         2
 Confusing Touch          Hex            0%         N/A       100%        3
 Gell's Gravitas          Tloc           0%         N/A       100%        3
 Inner Flame              Hex/Fire       0%         N/A       100%        3
 Teleport Other           Tloc           0%         N/A       100%        3
 Dispel Undead            Necr           0%         3d6       100%        4
 Irradiate                Conj/Alch      0%         3d11      100%        5
 Summon Hydra             Summ           0%         N/A       100%        7
 Ignition                 Fire           0%         3d3       100%        8


Dungeon Overview and Level Annotations

Branches:
Dungeon (6/15)             Temple (1/1) D:5

Altars:
Ashenzari
Fedhas
Gozag
Kikubaaqudgha
Makhleb
Okawaru
Qazlal
Ru
Sif Muna
Trog
Wu Jian
Xom
Zin
The Shining One

Shops:
D:3 [   D:5 *


Innate Abilities, Weirdness & Mutations

You have a pair of horns on your head.
You reflexively headbutt those who attack you in melee.


Message History

The centaur shoots an arrow.
The arrow closely misses you.
The centaur shoots an arrow.
You block the arrow.
The centaur shoots an arrow.
The arrow hits you!
The centaur shoots an arrow.
The arrow barely misses you.
The centaur shoots an arrow.
The arrow hits you!
The centaur shoots an arrow.
The arrow closely misses you.
The centaur shoots an arrow.
The arrow completely misses you.
The centaur shoots an arrow.
The arrow hits you!
The centaur shoots an arrow.
You block the arrow.
The orc wizard gestures at you while chanting.
You are confused.
You nearly stumble into some deep water!
The centaur shoots an arrow.
The arrow barely misses you.
The centaur shoots an arrow.
The arrow hits you but does no damage.
You nearly stumble into some deep water!
The centaur shoots an arrow.
The arrow barely misses you.
The orc wizard points at you and mumbles some strange words.
You easily resist.
You nearly stumble into some deep water!
The centaur shoots an arrow.
The arrow barely misses you.
You nearly stumble into some deep water!
You nearly stumble into some deep water!
The centaur shoots an arrow.
The arrow hits you.
The orc wizard points at you and mumbles some strange words.
You are more confused.
The centaur shoots an arrow.
The arrow barely misses you.
The centaur shoots an arrow.
The arrow hits you!
The centaur shoots an arrow.
The arrow closely misses you.
The centaur shoots an arrow.
The arrow barely misses you.
The centaur shoots an arrow.
The arrow barely misses you.
The orc wizard points at you and mumbles some strange words.
The magic dart hits you.
The centaur shoots an arrow.
The arrow barely misses you.
The centaur shoots an arrow.
The arrow hits you!
* * * LOW HITPOINT WARNING * * *
The orc wizard points at you and mumbles some strange words.
You easily resist.
The centaur shoots an arrow.
The arrow hits you!
* * * LOW HITPOINT WARNING * * *
The centaur shoots an arrow.
The arrow hits you!
You die...

##.####....## #
##..##....# #
##.......## ##
##.......###
...#######..#....#######
≈≈.≈≈≈≈≈≈≈≈.##......)..#
≈~≈≈~~~~~~≈≈###..####..#
~≈≈~≈≈≈≈≈≈~≈###### #.##
~≈~≈≈~~~@≈≈..#### #.#
~≈~≈~≈≈≈≈~≈≈....# #.##
~≈~≈..cc≈≈~≈##..# ##.##
~≈~≈[.(≈o≈~≈# #.#.
~≈≈$...≈~≈~≈# #...
≈~≈≈≈≈~≈~≈~≈# #.###...
≈≈~~~~≈≈~≈~≈# #......
~≈≈≈≈≈≈~≈≈~≈# #......
~~~~~~≈≈~≈≈# #......


You could see 2 centaurs and an orc wizard.

Vanquished Creatures
  Pikel (D:6)
  Eustachio (D:5)
  A water moccasin (D:4)
  2 black bears
  A sky beast (D:6)
  A centaur (D:6)
  2 phantoms
  A bullfrog (D:6)
  2 scorpions (D:5)
  A bombardier beetle (D:4)
  A howler monkey (D:5)
  A gnoll bouda (D:5)
  A jelly (D:4)
  An orc priest (D:4)
  Crazy Yiuf (D:2)
  2 hounds
  An iguana (D:6)
  Terence (D:2)
  Natasha (thrice) (D:2)
  5 orc wizards
  4 gnolls (D:5)
  8 adders
  A shadow imp (D:6)
  4 ufetubi
  4 dart slugs
  A ribbon worm (D:5)
  21 orcs
  An endoplasm (D:3)
  3 giant cockroaches
  10 goblins
  7 hobgoblins
  4 jackals (D:4)
  8 kobolds
  2 quokkas (D:2)
  7 ball pythons
  A frilled lizard (D:3)
  11 rats
127 creatures vanquished.

Vanquished Creatures (others)
  An orc wizard (D:4)
1 creature vanquished.

Grand Total: 128 creatures vanquished

Notes
Turn   | Place    | Note
-------+----------+-------------------------------------------
     0 | D:1      | Silvore the Minotaur Fighter began the quest for the Orb.
     0 | D:1      | Reached XP level 1. HP: 19/19 MP: 0/0
   136 | D:1      | Reached XP level 2. HP: 27/27 MP: 1/1
  1002 | D:2      | Reached skill level 3 in Maces & Flails
  1002 | D:2      | Reached XP level 3. HP: 19/33 MP: 2/2
  1077 | D:2      | Noticed Natasha
  1085 | D:2      | Killed Natasha
  1455 | D:2      | Reached XP level 4. HP: 41/41 MP: 3/3
  1554 | D:2      | Noticed Terence
  1563 | D:2      | Killed Terence
  1745 | D:2      | Found a runed translucent door.
  1745 | D:2      | Noticed Natasha
  1746 | D:2      | Noticed Crazy Yiuf
  1752 | D:2      | Killed Crazy Yiuf
  1753 | D:2      | Reached skill level 4 in Maces & Flails
  1764 | D:2      | Killed Natasha
  1765 | D:2      | Reached XP level 5. HP: 22/47 MP: 4/4
  1910 | D:2      | Noticed Natasha
  1915 | D:2      | Killed Natasha
  1935 | D:3      | Found Keuredgho's Armour Shoppe.
  1981 | D:3      | Reached skill level 1 in Dodging
  2093 | D:3      | Reached skill level 5 in Armour
  2221 | D:3      | Found a faded altar of an unknown god.
  2474 | D:4      | Reached XP level 6. HP: 32/55 MP: 5/5
  2493 | D:4      | Reached skill level 5 in Maces & Flails
  2627 | D:4      | Reached skill level 5 in Fighting
  2958 | D:4      | Identified the +6 whip of the Elven Halls {pain, rN+}
  3005 | D:4      | Noticed a water moccasin
  3012 | D:4      | Killed a water moccasin
  3013 | D:4      | Reached skill level 6 in Maces & Flails
  3013 | D:4      | Reached XP level 7. HP: 60/61 MP: 6/6
  3301 | D:5      | Entered Level 5 of the Dungeon
  3301 | D:5      | Found a staircase to the Ecumenical Temple.
  3466 | Temple   | Entered the Ecumenical Temple
  3482 | Temple   | Became a worshipper of Zin the Law-Giver
  3482 | Temple   | Reached * piety under Zin
  3487 | Temple   | Donated 69 gold pieces to Zin
  3488 | Temple   | Donated 35 gold pieces to Zin
  3609 | D:5      | Found a bloodstained altar of Trog.
  3921 | D:5      | Reached skill level 7 in Maces & Flails
  3929 | D:5      | Found Zeym's Assorted Antiques.
  3943 | D:5      | Noticed Eustachio
  3976 | D:5      | Killed Eustachio
  4080 | D:5      | Reached skill level 5 in Shields
  4080 | D:5      | Reached XP level 8. HP: 50/70 MP: 7/7
  4832 | D:6      | Identified the +2 mace of Disintegration {flame, rF+ rN+
                  | Str+3 SInv}
  4850 | D:6      | Reached skill level 8 in Maces & Flails
  4850 | D:6      | Reached skill level 1 in Invocations
  4955 | D:6      | Noticed Pikel
  4974 | D:6      | Killed Pikel
  4975 | D:6      | Reached XP level 9. HP: 22/79 MP: 8/8
  5073 | D:6      | Reached skill level 9 in Maces & Flails
  5220 | D:6      | Shot with an arrow by a centaur

Illustrated notes

Levels and vault maps discovered:
D:1:      dpeg_arrival_ratfight, layout_basic
D:2:      layout_basic, skrybe_limestone_x, uniq_crazy_yiuf_cottage,
          uniq_natasha, uniq_terence
D:3:      layout_rooms, serial_shops, nicolae_shop_rolling_square,
          hellmonk_ecumenical_altar_leap_of_faith, grunt_decor_one_mirror,
          minmay_misc_feat_tower
D:4:      layout_loops_ring, minivault_27
D:5:      layout_loops_ring, trog_book, minmay_temple_entry_statues_fountains,
          kennysheep_diamond, uniq_eustachio
D:6:      nicolae_whirlpool, layout_layer_cave, uniq_pikel
Temple:   hellmonk_temple_forest_ring

Skill      XL: |  1  2  3  4  5  6  7  8  9 |
---------------+----------------------------+-----
Armour         | 4 5 6 7 |  7.5
Fighting       | 4 5 6 7 |  7.1
Maces & Flails | 3 4 6 7 8 9 |  9.0
Shields        | 4 5 6 |  6.4
Dodging        | 1 2 3 |  3.7
Invocations    | 1 |  1.0
Stealth        | |  0.5
Unarmed Combat | |  0.3

Action                     |  1- 3 |  4- 6 |  7- 9 || total
---------------------------+-------+-------+-------++-------
  Melee: Flail             |    76 |   101 |   143 ||   320
         Headbutt          |     7 |    13 |    24 ||    44
         Unarmed           |       |    11 |       ||    11
 Invoke: Recite            |       |       |     2 ||     2
         Donate Gold       |       |       |     2 ||     2
    Use: Scroll            |     3 |     4 |     3 ||    10
 Armour: Scale mail        |    41 |       |       ||    41
         Chain mail        |    22 |   123 |   216 ||   361
         Skin              |       |     4 |       ||     4
  Dodge: Dodged            |    41 |    78 |   153 ||   272
         Repelled          |       |       |     2 ||     2
  Block: Buckler           |    21 |    31 |    66 ||   118
